[Event "Titled Tuesday Blitz January 10 Late 2023"]
[White "Ibarra Jerez, Jose Carlos"]
[Black "Djokic, Mihailo"]
[WhiteFideId "2226332"]
[BlackFideId "976440"]
[WhiteElo "2563"]
[BlackElo "2192"]
[Result "0-1"]
[Round "09"]
[TimeControl "180+2"]
[Date "2023.01.10"]
[WhiteClock "0:00:03"]
[BlackClock "0:00:15"]

1. e4 c5 2. Nc3 Nc6 3. Nf3 g6 4. d4 cxd4 5. Nxd4 Bg7 6. Be3 d6 7. f3 Nf6 8. Qd2 O-O 9. O-O-O Bd7 10. g4 Rc8 11. h4 Ne5 12. Be2 Qa5 13. Kb1 Rxc3 14. Qxc3 Qxc3 15. bxc3 Rc8 16. Kb2 Be8 17. Nb3 b6 18. Bd4 Nc6 19. Be3 h5 20. g5 Nd7 21. f4 Nc5 22. Bf3 Na4+ 23. Kc1 Nxc3 24. Rd2 Nb4 25. Bd4 Bxd4 26. Nxd4 Ncxa2+ 27. Kb2 a5 28. e5 dxe5 29. fxe5 Nc3 30. Ne2 Na4+ 31. Kb1 Bb5 32. Rhd1 Kg7 33. Rd8 Rc5 34. R1d2 Rxe5 35. Nd4 Re1+ 36. Bd1 Nc3+ 37. Kc1 Ne4 38. Nxb5 Nxd2 39. Kxd2 Re4 40. Rd7 Rxh4 41. Rxe7 Rh2+ 42. Kc1 Rg2 43. Nd6 Rf2 44. c3 Nd5 45. Re8 Nxc3 46. Rc8 Nxd1 47. Kxd1 h4 48. Ke1 Rf4 49. Ne8+ Kf8 50. Nf6+ Ke7 51. Nd5+ Kd7 52. Nxb6+ Ke6 53. Rh8 Kf5 54. Nd5 Rd4 55. Ne3+ Kxg5 56. Ke2 a4 57. Kf3 f5 58. Ra8 h3 59. Nf1 Rf4+ 60. Ke2 Rg4 61. Rh8 a3 62. Rxh3 a2 63. Ra3 Rg2+ 64. Kf3 Rb2 65. Ng3 Rb3+ 66. Rxb3 a1=Q 67. Rd3 Qg1 68. Ne2 Qf1+ 69. Ke3 f4+ 70. Kd2 f3 71. Rd5+ Kh6 72. Nd4 f2 73. Ke3 Qe1+ 74. Kd3 f1=Q+ 0-1


[Site "https://www.chess.com"]

[Event "Titled Tuesday Blitz January 10 Late 2023"]
[White "Fernandez Guillen, Ernesto J."]
[Black "Chor, Kevin"]
[WhiteFideId "3512428"]
[BlackFideId "2090740"]
[WhiteElo "2477"]
[BlackElo "1944"]
[Result "1-0"]
[Round "09"]
[TimeControl "180+2"]
[Date "2023.01.10"]
[WhiteClock "0:00:39"]
[BlackClock "0:00:08"]

1. e4 c5 2. Nf3 g6 3. d4 cxd4 4. Nxd4 Bg7 5. Nc3 Nc6 6. Be3 Nf6 7. Bc4 O-O 8. Bb3 d6 9. f3 Bd7 10. h4 Nxd4 11. Bxd4 Be6 12. Qd2 b5 13. h5 b4 14. Nd5 Bxd5 15. Bxd5 Rc8 16. hxg6 hxg6 17. O-O-O e5 18. Be3 Nxd5 19. Qxd5 Qc7 20. Rd2 Rfd8 21. g4 a5 22. Bh6 Qc5 23. Bxg7 Kxg7 24. Rh7+ Kxh7 25. Qxf7+ Kh6 26. g5+ Kxg5 27. Rg2+ Kh5 28. Qh7# 1-0


[Site "https://www.chess.com"]

[Event "Titled Tuesday Blitz January 10 Late 2023"]
[White "Timmermans, Mark"]
[Black "Martins, Bruno Andre Leite"]
[WhiteFideId "1026399"]
[BlackFideId "1942255"]
[WhiteElo "2392"]
[BlackElo "2348"]
[Result "1/2-1/2"]
[Round "09"]
[TimeControl "180+2"]
[Date "2023.01.10"]
[WhiteClock "0:00:18"]
[BlackClock "0:00:45"]

1. e4 c6 2. Nf3 d5 3. Nc3 dxe4 4. Nxe4 Nf6 5. Qe2 Nxe4 6. Qxe4 Qd5 7. Qe3 Bf5 8. Nd4 Bg6 9. b3 e6 10. Bb2 Bc5 11. Qf3 Bxd4 12. Qxd5 Bxb2 13. Qd6 Bxa1 14. c3 Bb2 15. h4 Nd7 16. h5 Bf5 17. Bd3 O-O-O 18. Bxf5 exf5 19. O-O Nf6 20. Qc5 Rxd2 21. h6 g6 22. Qe5 Rd3 23. Qxf6 Bxc3 24. Qxf7 Rd7 25. Qe6 Rd8 26. Rd1 a5 27. f3 Kc7 28. Rxd7+ Rxd7 29. g4 fxg4 30. Qxg4 b6 31. Kg2 Bd2 32. f4 Re7 33. Qf3 Bb4 34. f5 gxf5 35. Qxf5 Bc5 36. Kf3 Kb7 37. Qc2 Rd7 38. Ke4 Bf8 39. Qh2 Rd6 40. Qf4 Re6+ 41. Kd3 Bc5 42. Qf7+ Re7 43. Qg7 Ba3 44. Kc2 Bb4 45. Kb2 Bd6 46. Kc2 Bb4 47. Kd3 Ba3 48. Kc4 Bb4 49. Kd4 Bc5+ 50. Kd3 Ba3 1/2-1/2


[Site "https://www.chess.com"]

[Event "Titled Tuesday Blitz January 10 Late 2023"]
[White "Osmak, Yuliia"]
[Black "Maksimovic, Bojan"]
[WhiteFideId "14101602"]
[BlackFideId "14408120"]
[WhiteElo "2440"]
[BlackElo "2486"]
[Result "0-1"]
[Round "09"]
[TimeControl "180+2"]
[Date "2023.01.10"]
[WhiteClock "0:00:16"]
[BlackClock "0:00:12"]

1. d4 Nf6 2. c4 c5 3. d5 b5 4. a4 b4 5. Qc2 d6 6. e4 g6 7. f4 Bg7 8. Nf3 O-O 9. Bd3 e6 10. O-O Re8 11. Nbd2 Na6 12. Rb1 b3 13. Qxb3 Rb8 14. Qd1 Nb4 15. Bc2 exd5 16. cxd5 Nxc2 17. Qxc2 Nxe4 18. Nxe4 Rxe4 19. Qxe4 Bf5 20. Qc4 Bxb1 21. Bd2 Rxb2 22. Bc3 Ba2 23. Qd3 Rb3 24. Qc2 Rxc3 25. Qxa2 Qf6 26. Qb2 h6 27. Qb8+ Kh7 28. Qxa7 Qxf4 29. a5 Ra3 30. a6 g5 31. Qb7 g4 32. a7 gxf3 33. a8=Q Bd4+ 34. Kh1 fxg2+ 35. Kxg2 Qg4+ 36. Kh1 Qe4+ 37. Rf3 Qxf3# 0-1


[Site "https://www.chess.com"]

[Event "Titled Tuesday Blitz January 10 Late 2023"]
[White "Tanenbaum, Zachary"]
[Black "Filgueira, Hernan"]
[WhiteFideId "2060850"]
[BlackFideId "101770"]
[WhiteElo "2261"]
[BlackElo "2283"]
[Result "0-1"]
[Round "09"]
[TimeControl "180+2"]
[Date "2023.01.10"]
[WhiteClock "0:00:04"]
[BlackClock "0:00:47"]

1. e4 e6 2. d4 d5 3. Nc3 Bb4 4. exd5 exd5 5. Bd3 c6 6. Nf3 Bg4 7. O-O Ne7 8. h3 Bh5 9. Re1 Bg6 10. Bf4 O-O 11. Ne5 Nd7 12. Nxg6 Nxg6 13. Bg3 Re8 14. Qf3 Qf6 15. Qg4 Nb6 16. h4 Bd6 17. h5 Bxg3 18. Qxg3 Nf4 19. Qg4 h6 20. g3 Ne6 21. Ne2 Nc7 22. Kg2 Na4 23. b3 Nb6 24. Qf4 Qxf4 25. Nxf4 Kf8 26. Kf1 a5 27. c3 Rxe1+ 28. Rxe1 Re8 29. Rxe8+ Kxe8 30. Ke2 Ke7 31. Kd2 Ne6 32. Nxe6 fxe6 33. Ke3 Kf6 34. f4 Nd7 35. g4 Nb6 36. Kf3 Nd7 37. Kg3 b5 38. Kh4 b4 39. g5+ Ke7 40. c4 c5 41. cxd5 exd5 42. Bb5 cxd4 43. Bxd7 Kxd7 44. Kg4 d3 45. Kf3 d2 46. Ke2 Ke6 47. Kxd2 Kf5 48. gxh6 gxh6 49. Ke3 d4+ 50. Kxd4 Kxf4 51. Kc4 Kg4 52. Kb5 Kxh5 53. Kxa5 Kg5 54. Kxb4 h5 55. a4 h4 56. a5 h3 57. Kb5 h2 58. b4 h1=Q 59. Kb6 Qa8 60. b5 Kf6 61. a6 Qb8+ 62. Kc6 Ke6 63. b6 Qc8+ 64. Kb5 Kd5 65. a7 Qc4+ 66. Ka5 Kc5 67. a8=Q Qa2# 0-1


[Site "https://www.chess.com"]

[Event "Titled Tuesday Blitz January 10 Late 2023"]
[White "Djordjevic, Vuk"]
[Black "Aldokhin, Ivan"]
[WhiteFideId "902098"]
[BlackFideId "24115720"]
[WhiteElo "2375"]
[BlackElo "2413"]
[Result "1-0"]
[Round "09"]
[TimeControl "180+2"]
[Date "2023.01.10"]
[WhiteClock "0:00:41"]
[BlackClock "0:00:03"]

1. d4 Nf6 2. Bg5 g6 3. Bxf6 exf6 4. e3 d5 5. c4 dxc4 6. Bxc4 c6 7. Nc3 Bd6 8. Nf3 O-O 9. O-O Nd7 10. e4 Nb6 11. Bb3 Bg4 12. h3 Bxf3 13. Qxf3 a5 14. a3 a4 15. Ba2 Bc7 16. Rad1 Qd6 17. g3 Kg7 18. Rfe1 Rad8 19. h4 Qe7 20. h5 Rd7 21. Kg2 Rfd8 22. Qe3 Re8 23. Rh1 g5 24. h6+ Kh8 25. Qf3 Red8 26. Ne2 Nc8 27. Rhe1 Nd6 28. Nc3 Nb5 29. Nxb5 cxb5 30. Bd5 Bb6 31. Qd3 Ba5 32. Re3 b4 33. Qb5 Ra8 34. Qxa4 Ra6 35. Rc1 Rd8 36. Qb5 Bb6 37. Qxb4 Qxb4 38. axb4 Bxd4 39. Rd3 Bxb2 40. Rc2 Be5 41. Bxb7 Rad6 42. Rxd6 Bxd6 43. b5 Rb8 44. b6 Kg8 45. Rc8+ Rxc8 46. Bxc8 Kf8 47. Bf5 Bc5 48. b7 Bd6 49. Bxh7 Bb8 50. Bf5 Kg8 51. Kf3 Kh8 52. Ke2 1-0


[Site "https://www.chess.com"]

[Event "Titled Tuesday Blitz January 10 Late 2023"]
[White "Wieczorek, Oskar"]
[Black "Sargsyan, Anna M."]
[WhiteFideId "1133950"]
[BlackFideId "13308130"]
[WhiteElo "2512"]
[BlackElo "2375"]
[Result "1-0"]
[Round "09"]
[TimeControl "180+2"]
[Date "2023.01.10"]
[WhiteClock "0:00:34"]
[BlackClock "0:00:56"]

1. e4 e5 2. Nf3 Nc6 3. Nc3 Nf6 4. h3 d6 5. d4 exd4 6. Nxd4 g6 7. Bc4 Bg7 8. O-O O-O 9. Re1 Re8 10. Nf3 h6 11. Bf4 Kh7 12. Bxf7 Rf8 13. Bb3 Nh5 14. Bh2 Nf4 15. Bxf4 Rxf4 16. e5 Rxf3 17. Qxf3 Nxe5 18. Qg3 Bf5 19. Rad1 Qf8 20. Nd5 c6 21. Ne3 Bd7 22. f4 Nf7 23. c3 Bf6 24. Bc2 Nh8 25. Ng4 d5 26. Nxf6+ Qxf6 27. Re5 Nf7 28. Re7 Bf5 29. Bxf5 gxf5 30. Rde1 Rg8 31. Qf3 Rg7 32. Qh5 Nd8 33. Rxg7+ Kxg7 34. Qe8 Nf7 35. Qe7 Kg6 1-0


[Site "https://www.chess.com"]

[Event "Titled Tuesday Blitz January 10 Late 2023"]
[White "Denishev, Marat"]
[Black "Ruiz Castillo, Joshua Daniel"]
[WhiteFideId "24131563"]
[BlackFideId "4400704"]
[WhiteElo "2255"]
[BlackElo "2459"]
[Result "0-1"]
[Round "09"]
[TimeControl "180+2"]
[Date "2023.01.10"]
[WhiteClock "0:00:04"]
[BlackClock "0:01:33"]

1. e4 c6 2. d4 d5 3. f3 e5 4. dxe5 Bc5 5. Ne2 Qb6 6. Ng3 Bf2+ 7. Ke2 Ne7 8. Nc3 a6 9. Qd3 Be6 10. Na4 Qa7 11. Be3 Bxe3 12. Qxe3 d4 13. Qd2 b5 14. f4 bxa4 15. f5 Bc4+ 16. Ke1 Bxf1 17. Rxf1 Nd7 18. e6 fxe6 19. fxe6 Nc5 20. Qxd4 Nxe6 21. Qd6 Qe3+ 22. Ne2 Qxe4 23. Rd1 Rd8 24. Qg3 Rxd1+ 25. Kxd1 Rf8 26. Qb8+ Kd7 27. Rxf8 Nxf8 28. Qxf8 Qxg2 29. Qb8 Nd5 30. Qb7+ Nc7 31. Qb4 Qxh2 32. Qg4+ Ne6 33. Qxa4 Qd6+ 34. Ke1 h5 35. Qxa6 g5 36. Qa7+ Nc7 37. Qe3 Qf6 38. Qh3+ Ne6 39. Qxh5 Qxb2 40. Qf7+ Kd6 41. a4 Qa1+ 42. Kf2 Qxa4 43. c3 Qh4+ 44. Kf1 Qh3+ 45. Ke1 g4 46. Kf2 g3+ 47. Nxg3 Qh2+ 48. Kf3 Ng5+ 49. Kg4 Nxf7 0-1


[Site "https://www.chess.com"]

[Event "Titled Tuesday Blitz January 10 Late 2023"]
[White "Petukhov, Dmitry"]
[Black "Sai Krishna G V"]
[WhiteFideId "4142748"]
[BlackFideId "5028280"]
[WhiteElo "2350"]
[BlackElo "2384"]
[Result "1-0"]
[Round "09"]
[TimeControl "180+2"]
[Date "2023.01.10"]
[WhiteClock "0:00:08"]
[BlackClock "0:00:31"]

1. e4 e5 2. Nf3 Nc6 3. Bb5 a6 4. Ba4 d6 5. O-O Nf6 6. Re1 b5 7. Bb3 Be7 8. c3 O-O 9. h3 Nd7 10. d4 Bf6 11. d5 Ne7 12. Nbd2 g6 13. Nf1 Bg7 14. a4 Bb7 15. Be3 Nc5 16. Bc2 f5 17. Ng5 fxe4 18. Bxc5 dxc5 19. Ne6 Qd6 20. Nxf8 Rxf8 21. Bxe4 Nc8 22. Ne3 Qf6 23. f3 Nd6 24. Ng4 Qh4 25. axb5 axb5 26. Ra7 h5 27. Nf2 Bh6 28. Bxg6 Qg3 29. Bxh5 Bf4 30. Ng4 Rf5 31. Qe2 Kg7 32. Qf2 Rxh5 33. Qxg3 Bxg3 34. Re2 Rh8 35. Nf2 Ra8 36. Rxa8 Bxa8 37. Ne4 Bf4 38. Nxc5 Bxd5 39. Ne4 Nxe4 40. fxe4 Bc4 41. Re1 Bg3 42. Rd1 Be6 43. Ra1 Bf4 44. Kf2 Kf6 45. Kf3 Bh6 46. h4 Bb3 47. g4 Bf4 48. Ra6+ Kg7 49. g5 Bd1+ 50. Kf2 Bc1 51. Rc6 Bxb2 52. Rxc7+ Kg6 53. Rc6+ Kg7 54. Rc5 b4 55. Rc7+ Kg6 56. cxb4 Kh5 57. Rh7+ Kg6 58. Rh6+ Kg7 59. b5 Bc2 60. Kf3 Bd1+ 61. Ke3 Bc2 62. b6 Bd4+ 63. Kf3 Bd1+ 64. Kg3 Bc2 65. b7 Ba7 66. Rc6 Bxe4 67. Rc8 Bxb7 68. Rc7+ Kg6 69. Rxb7 e4 70. Rxa7 e3 71. Kf3 Kf5 72. Ke2 Kg6 73. Ra3 Kf5 74. Rxe3 Kg6 75. Rg3 Kh5 76. g6 Kh6 77. g7 Kh5 78. g8=Q Kxh4 79. Qg4# 1-0


[Site "https://www.chess.com"]

[Event "Titled Tuesday Blitz January 10 Late 2023"]
[White "Skvortsov, Andrei"]
[Black "Sielecki, Christof"]
[WhiteFideId "24108600"]
[BlackFideId "4620437"]
[WhiteElo "2313"]
[BlackElo "2419"]
[Result "0-1"]
[Round "09"]
[TimeControl "180+2"]
[Date "2023.01.10"]
[WhiteClock "0:00:04"]
[BlackClock "0:01:29"]

1. d4 d5 2. c4 e6 3. Nc3 Nf6 4. cxd5 exd5 5. Bg5 c6 6. e3 h6 7. Bh4 Be7 8. Bd3 O-O 9. Nge2 Re8 10. O-O Nbd7 11. Qc2 a5 12. Rae1 b5 13. f3 Ba6 14. Nd1 b4 15. Nf2 Qb6 16. Bxa6 Qxa6 17. Nd3 Rac8 18. Ne5 c5 19. Nxd7 Nxd7 20. Bxe7 Rxe7 21. Qf5 Qe6 22. Qxe6 fxe6 23. dxc5 Nxc5 24. Rc1 Rec7 25. Nd4 Nd3 26. Rxc7 Rxc7 27. Rd1 Nxb2 28. Rb1 Na4 29. Nxe6 Rc2 30. Nf4 Nc3 31. Ra1 g5 32. Nd3 Rxa2 33. Rxa2 Nxa2 34. Nb2 Nc3 35. Kf2 a4 36. Nd3 b3 37. Ke1 a3 0-1


[Site "https://www.chess.com"]

[Event "Titled Tuesday Blitz January 10 Late 2023"]
[White "Dimitrov, Atanas"]
[Black "Defend, Balint"]
[WhiteFideId "2901315"]
[BlackFideId "17004853"]
[WhiteElo "2269"]
[BlackElo "1673"]
[Result "0-1"]
[Round "09"]
[TimeControl "180+2"]
[Date "2023.01.10"]
[WhiteClock "0:00:04"]
[BlackClock "0:00:36"]

1. Nf3 c5 2. c4 Nf6 3. Nc3 d5 4. cxd5 Nxd5 5. e3 Nc7 6. d4 cxd4 7. Nxd4 e6 8. Be2 e5 9. Qa4+ Bd7 10. Ndb5 Nc6 11. Nxc7+ Qxc7 12. Qh4 Be6 13. O-O Be7 14. Qg3 O-O 15. b3 a6 16. Bb2 f6 17. Rac1 Qa5 18. a3 Rac8 19. b4 Qc7 20. Rfd1 Rfd8 21. Bf3 Rxd1+ 22. Rxd1 Rd8 23. Nd5 Bxd5 24. Bxd5+ Kh8 25. h3 Nd4 26. Bf3 Nxf3+ 27. Qxf3 Rxd1+ 28. Qxd1 Kg8 29. Qd5+ Kf8 30. Qe4 g6 31. g4 Qc6 32. Qxc6 bxc6 33. f4 exf4 34. exf4 f5 35. Kf2 Bd6 36. Ke3 Kf7 37. Bd4 Ke6 38. Bb6 Kd5 39. Bd8 Kc4 40. gxf5 gxf5 41. Kf3 Kb3 42. Ke3 Kxa3 43. b5 axb5 44. Be7 Bxe7 0-1


[Site "https://www.chess.com"]

[Event "Titled Tuesday Blitz January 10 Late 2023"]
[White "Jimenez Almeida, Luis David"]
[Black "Gubajdullin, Alexei"]
[WhiteFideId "22242244"]
[BlackFideId "4141202"]
[WhiteElo "2242"]
[BlackElo "2285"]
[Result "1-0"]
[Round "09"]
[TimeControl "180+2"]
[Date "2023.01.10"]
[WhiteClock "0:00:28"]
[BlackClock "0:00:03"]

1. e4 g6 2. h4 h6 3. h5 g5 4. d4 d6 5. Nc3 Nf6 6. f4 gxf4 7. Bxf4 Nc6 8. Nf3 Bg4 9. d5 Ne5 10. Be2 Nxh5 11. Bxe5 dxe5 12. Bb5+ Bd7 13. Rxh5 Bxb5 14. Nxb5 Qd7 15. Qd3 a6 16. Nc3 Qg4 17. Rh2 Qg3+ 18. Kf1 Bg7 19. Ne2 Qg6 20. Kg1 Qb6+ 21. Kh1 Qxb2 22. Qc3 Qb6 23. Ng3 O-O-O 24. Nh5 Bf8 25. Nxe5 Rh7 26. Nf3 f5 27. Qe5 fxe4 28. Qxe4 Rf7 29. c4 Kb8 30. Rb1 Qa7 31. Ne5 Rf2 32. Nc6+ Ka8 33. Nxa7 c6 34. Qe3 Rxa2 35. dxc6 bxc6 36. Nxc6 1-0


[Site "https://www.chess.com"]

[Event "Titled Tuesday Blitz January 10 Late 2023"]
[White "Martinez Reyes, Pedro Ramon"]
[Black "Baskin, Robert"]
[WhiteFideId "3901807"]
[BlackFideId "24662402"]
[WhiteElo "2376"]
[BlackElo "2442"]
[Result "1-0"]
[Round "09"]
[TimeControl "180+2"]
[Date "2023.01.10"]
[WhiteClock "0:00:31"]
[BlackClock "0:00:05"]

1. e4 Nc6 2. Nc3 Nf6 3. Nf3 d6 4. d4 g6 5. d5 Nb8 6. h3 Bg7 7. Bc4 O-O 8. O-O c6 9. Re1 a6 10. a4 a5 11. Bg5 Na6 12. Qd2 Re8 13. Rad1 Bd7 14. e5 dxe5 15. Nxe5 Nxd5 16. Nxd5 cxd5 17. Qxd5 Be6 18. Qxb7 Nc5 19. Rxd8 Nxb7 20. Rxa8 Rxa8 21. Bxe6 fxe6 22. Nc4 Rc8 23. b3 Nd6 24. Nxd6 exd6 25. Rxe6 Rxc2 26. Rxd6 Rb2 27. Rd8+ Kf7 28. Rd7+ Kg8 29. Rb7 Bd4 30. Be3 Bxe3 31. fxe3 Re2 32. b4 axb4 33. Rxb4 Rxe3 34. Rb7 Ra3 35. Ra7 Kf8 36. a5 Ke8 37. a6 Kd8 38. Kf2 h5 39. h4 Kc8 40. Ra8+ Kc7 41. Ra7+ Kb8 42. Rb7+ Kc8 43. Rb6 Ra2+ 44. Kg3 Ra3+ 45. Kh2 Ra4 46. g3 g5 47. hxg5 h4 48. g6 hxg3+ 49. Kxg3 Ra1 50. Kf4 Kc7 51. Rf6 Kd7 52. Kg5 Ke7 53. Rf7+ Ke6 54. a7 Rg1+ 55. Kh6 Ra1 56. Kg7 Ra2 57. Kf8 Rc2 58. a8=Q Rc7 59. Qe4+ Kd6 60. Qf4+ Ke6 61. Rf6+ Kd5 62. Qd6+ 1-0


[Site "https://www.chess.com"]

[Event "Titled Tuesday Blitz January 10 Late 2023"]
[White "Tologon tegin, Semetei"]
[Black "Ansh M Shah"]
[WhiteFideId "13800574"]
[BlackFideId "25033379"]
[WhiteElo "2372"]
[BlackElo "2171"]
[Result "1/2-1/2"]
[Round "09"]
[TimeControl "180+2"]
[Date "2023.01.10"]
[WhiteClock "0:00:12"]
[BlackClock "0:00:13"]

1. Nf3 Nf6 2. g3 g6 3. b3 Bg7 4. Bb2 O-O 5. Bg2 c5 6. c4 Nc6 7. O-O d5 8. cxd5 Nxd5 9. Bxg7 Kxg7 10. d4 cxd4 11. Nxd4 Nxd4 12. Qxd4+ Nf6 13. Qb2 Rb8 14. Nc3 Be6 15. Ne4 h6 16. Rfd1 Qb6 17. Rac1 Rfd8 18. b4 Rxd1+ 19. Rxd1 Rd8 20. Rxd8 Qxd8 21. h4 Qd1+ 22. Kh2 Bd5 23. Nxf6 exf6 24. e3 Bxg2 25. Kxg2 Qd5+ 26. Kh2 h5 27. a4 b5 28. axb5 Qxb5 29. Qc3 Qf5 30. Kg1 Qb1+ 31. Kg2 Qe4+ 32. Kh2 Qf5 33. Qd2 Qb5 34. Qd4 a5 35. bxa5 Qxa5 36. Kg2 Qa8+ 37. Kh2 Qf3 38. Qb2 Qf5 39. Kg2 Qd5+ 40. Kg1 Qf3 41. Qd4 Qf5 42. Kf1 Qb5+ 43. Kg2 Qb7+ 44. e4 Qb5 45. Kh2 Qe5 46. Qd3 Qc5 47. Kg2 Qe5 48. Qc2 Qd4 49. Qe2 Qe5 50. Qe3 Qb2 51. Qd3 Qe5 52. Qd5 Qc3 53. Qb7 Qe5 54. Qc6 Qb2 55. Qc4 Qe5 56. Kf3 Qa5 57. Qd4 Qa3+ 58. Ke2 Qa2+ 59. Ke3 Qa3+ 60. Qd3 Qc5+ 61. Qd4 Qc1+ 62. Kf3 Qa3+ 63. Qe3 Qa5 64. Kg2 Qa4 65. f3 Qb5 66. Qf2 Qe5 67. Qd2 Qb5 68. Kh2 Qe5 69. Qc2 Qb5 70. Qf2 Qe5 71. Qe2 Qa5 72. Qb2 Qe5 73. Qc2 Qb5 74. Kg2 Qe5 75. Kf2 Qb5 76. Qd2 Qb6+ 77. Qe3 Qb2+ 78. Qe2 Qb6+ 79. Kg2 Qc5 80. f4 Qd4 81. Kf3 Qc3+ 82. Qe3 Qc2 83. Qe2 Qc3+ 84. Kf2 Qd4+ 85. Kg2 Qb4 86. Qd3 Qe1 87. Qd4 Qe2+ 88. Kg1 Qf3 89. Kh2 Qe2+ 90. Kh1 Qf1+ 91. Kh2 Qe2+ 92. Kh3 Qf1+ 93. Kh2 Qe2+ 1/2-1/2


[Site "https://www.chess.com"]

[Event "Titled Tuesday Blitz January 10 Late 2023"]
[White "Ismagilov, Damir"]
[Black "Malka, Samuel"]
[WhiteFideId "34199982"]
[BlackFideId "20643675"]
[WhiteElo "2156"]
[BlackElo "2165"]
[Result "0-1"]
[Round "09"]
[TimeControl "180+2"]
[Date "2023.01.10"]
[WhiteClock "0:00:03"]
[BlackClock "0:00:22"]

1. e4 e5 2. Nf3 Nc6 3. Bb5 a6 4. Ba4 Nf6 5. O-O Be7 6. Re1 b5 7. Bb3 O-O 8. h3 Na5 9. Nxe5 Nxb3 10. axb3 d5 11. Nc6 Qd6 12. Nxe7+ Qxe7 13. exd5 Qd6 14. Nc3 b4 15. Ne4 Qxd5 16. Nxf6+ gxf6 17. d3 Bb7 18. f3 Rfe8 19. Bf4 Qd4+ 20. Kh1 Qxf4 21. Ra5 Qg3 22. Re2 Bc6 23. Ra1 Re5 24. Qd2 Rxe2 25. Qxe2 Re8 26. Qd2 Re5 27. Qxb4 Bxf3 28. gxf3 Qxf3+ 29. Kh2 Re2+ 30. Kg1 Qg2# 0-1


[Site "https://www.chess.com"]

[Event "Titled Tuesday Blitz January 10 Late 2023"]
[White "Kuznetsov, Felix"]
[Black "Adewumi, Tanitoluwa"]
[WhiteFideId "34147990"]
[BlackFideId "30966396"]
[WhiteElo "2254"]
[BlackElo "2283"]
[Result "1-0"]
[Round "09"]
[TimeControl "180+2"]
[Date "2023.01.10"]
[WhiteClock "0:01:22"]
[BlackClock "0:00:02"]

1. e4 c5 2. Nf3 e6 3. b3 Nc6 4. Bb2 Nf6 5. Nc3 d5 6. exd5 exd5 7. Bb5 d4 8. Ne2 Bd6 9. O-O O-O 10. Bxc6 bxc6 11. Ng3 h5 12. h3 Bxg3 13. fxg3 Ne4 14. Qe1 Re8 15. d3 Nc3 16. Qd2 Ne2+ 17. Kh2 Qd6 18. Rae1 Qxg3+ 19. Kh1 Bxh3 20. Rxe2 Rxe2 21. Qxe2 Be6 22. Qe5 Qxe5 23. Nxe5 Bd5 24. Ba3 1-0


[Site "https://www.chess.com"]

[Event "Titled Tuesday Blitz January 10 Late 2023"]
[White "Makridis, Dimitrios"]
[Black "Souleidis, Georgios"]
[WhiteFideId "25864475"]
[BlackFideId "4206827"]
[WhiteElo "2356"]
[BlackElo "2419"]
[Result "1-0"]
[Round "09"]
[TimeControl "180+2"]
[Date "2023.01.10"]
[WhiteClock "0:01:34"]
[BlackClock "0:00:13"]

1. e4 c5 2. Nf3 e6 3. d3 d5 4. Qe2 dxe4 5. dxe4 Nf6 6. g3 Be7 7. Bg2 O-O 8. O-O Qc7 9. e5 Nd5 10. c4 Nb4 11. a3 N4c6 12. Nc3 Nd7 13. Bf4 a6 14. h4 b6 15. Nd5 Qd8 16. Rad1 exd5 17. cxd5 Ncxe5 18. d6 Bf6 19. Nxe5 Nxe5 20. Bxa8 Bg4 21. f3 Bh3 22. Bxe5 Bxe5 23. Qxe5 Bxf1 24. Bc6 Bb5 25. Bxb5 axb5 26. d7 Qa8 27. Qe7 Rd8 28. Re1 Rf8 29. Qe8 1-0


[Site "https://www.chess.com"]

[Event "Titled Tuesday Blitz January 10 Late 2023"]
[White "Kobalia, Mikhail"]
[Black "Andreev, Eduard"]
[WhiteFideId "4119150"]
[BlackFideId "14103400"]
[WhiteElo "2578"]
[BlackElo "2413"]
[Result "0-1"]
[Round "09"]
[TimeControl "180+2"]
[Date "2023.01.10"]
[WhiteClock "0:00:42"]
[BlackClock "0:00:49"]

1. e4 c6 2. d4 d5 3. exd5 cxd5 4. Bd3 Nc6 5. c3 Qc7 6. Ne2 Bg4 7. O-O Nf6 8. Qe1 e6 9. Bf4 Bd6 10. Bxd6 Qxd6 11. Ng3 O-O 12. Nd2 Rab8 13. h3 Bh5 14. Nxh5 Nxh5 15. Nf3 b5 16. a3 Na5 17. Ne5 Nc4 18. Rb1 f6 19. Nf3 Nf4 20. Bc2 a5 21. Qd1 b4 0-1


[Site "https://www.chess.com"]

[Event "Titled Tuesday Blitz January 10 Late 2023"]
[White "Karacsonyi, Gellert"]
[Black "Karttunen, Mika"]
[WhiteFideId "764620"]
[BlackFideId "502081"]
[WhiteElo "2385"]
[BlackElo "2490"]
[Result "0-1"]
[Round "09"]
[TimeControl "180+2"]
[Date "2023.01.10"]
[WhiteClock "0:00:01"]
[BlackClock "0:00:18"]

1. e4 c5 2. Nf3 d6 3. d4 cxd4 4. Nxd4 Nf6 5. Nc3 a6 6. Bc4 e6 7. O-O b5 8. Bb3 Be7 9. Qf3 Qc7 10. Qg3 O-O 11. Bh6 Ne8 12. Rfe1 Kh8 13. Bg5 Nf6 14. Rad1 Nc6 15. Nxc6 Qxc6 16. f3 Bb7 17. Ne2 Qc5+ 18. Kh1 Nh5 19. Qh3 Qxg5 20. g3 f5 21. Nd4 fxe4 22. Nxe6 exf3 23. Nxg5 f2+ 24. Ne4 Nf6 25. Qe6 Rae8 26. Re2 Nxe4 27. Rxe4 Bg5 28. Qd5 Rxe4 29. Qxb7 Re1+ 30. Rxe1 fxe1=Q+ 31. Kg2 Qf1# 0-1


[Site "https://www.chess.com"]

[Event "Titled Tuesday Blitz January 10 Late 2023"]
[White "Yurovskykh, Oleksandr"]
[Black "Klukin, Kirill"]
[WhiteFideId "14134020"]
[BlackFideId "24199273"]
[WhiteElo "2328"]
[BlackElo "2390"]
[Result "1-0"]
[Round "09"]
[TimeControl "180+2"]
[Date "2023.01.10"]
[WhiteClock "0:00:07"]
[BlackClock "0:00:07"]

1. d4 Nf6 2. Nf3 e6 3. Bf4 d5 4. e3 Bd6 5. Bg3 O-O 6. Nbd2 b6 7. Bd3 Bb7 8. Bh4 c5 9. c3 Nc6 10. O-O Be7 11. Qe2 Nd7 12. Bg3 Bf6 13. Rfd1 Re8 14. h3 e5 15. dxe5 Ndxe5 16. Nxe5 Nxe5 17. Bxe5 Rxe5 18. Nf3 Re7 19. Ba6 Bc6 20. Bb5 Bb7 21. Ba6 Qc7 22. Bxb7 Qxb7 23. Rd2 Rd8 24. Rad1 Red7 25. Qb5 a6 26. Qb3 b5 27. a4 g6 28. axb5 axb5 29. Qc2 Kg7 30. b4 Rc8 31. Qb3 cxb4 32. cxb4 Rc3 33. Qb1 Rc4 34. Nd4 Rdc7 35. g3 Qa6 36. Ra2 Qb6 37. Rad2 Qa6 38. Ra2 Qc8 39. Kg2 Bxd4 40. Rxd4 Rxd4 41. exd4 Rc4 42. Ra5 Qc6 43. Qb2 Rc2 44. Qb3 Rc4 45. Qb2 Qd7 46. Qd2 Qc6 47. Ra7 Qf6 48. Rb7 Rxd4 49. Qc3 h5 50. h4 Rd1 51. Qxf6+ Kxf6 52. Rxb5 Ke6 53. Kf3 Rb1 54. Rb8 Rb3+ 55. Ke2 d4 56. b5 Kf5 57. b6 f6 58. b7 Kg4 59. Rg8 Rxb7 60. Rxg6+ Kf5 61. Rh6 Ke4 62. Rxh5 Rb2+ 63. Ke1 d3 64. Rh8 Kf3 65. Rd8 Re2+ 66. Kd1 Rxf2 67. Rxd3+ Kg4 68. Re3 Rf3 69. Rxf3 Kxf3 70. h5 Kxg3 71. h6 f5 72. h7 f4 73. h8=Q f3 74. Qg7+ Kf2 75. Qf6 Kg2 76. Ke1 Kg1 77. Qg5+ Kh2 78. Kf2 Kh1 79. Qg1# 1-0


[Site "https://www.chess.com"]

[Event "Titled Tuesday Blitz January 10 Late 2023"]
[White "Domingo Nunez, Ruben"]
[Black "Yang, Kevin"]
[WhiteFideId "22245570"]
[BlackFideId "30908485"]
[WhiteElo "2416"]
[BlackElo "2096"]
[Result "1-0"]
[Round "09"]
[TimeControl "180+2"]
[Date "2023.01.10"]
[WhiteClock "0:00:56"]
[BlackClock "0:00:18"]

1. e4 e6 2. Nf3 a6 3. Nc3 d5 4. e5 c5 5. g3 Nc6 6. Bg2 Qc7 7. Qe2 Nd4 8. Nxd4 cxd4 9. Nb1 Qxc2 10. O-O Ne7 11. Na3 Qc7 12. d3 Nc6 13. Bf4 h6 14. h4 Be7 15. Rfe1 Qa5 16. Qg4 g6 17. Nc2 Qb5 18. Qe2 g5 19. hxg5 hxg5 20. Bc1 Bd7 21. b3 Nb4 22. Nxb4 Bxb4 23. Rd1 Bc3 24. Rb1 O-O-O 25. Bxg5 Rdg8 26. Be7 Kb8 27. a4 Qb6 28. Qf3 Be8 29. Qf6 Qc6 30. Rdc1 Qd7 31. b4 Rh7 32. Bc5 Rg6 33. Qf4 Qxa4 34. Bxd4 Bxd4 35. Qxd4 Bc6 36. Ra1 Qb5 37. Ra5 1-0


[Site "https://www.chess.com"]